 Dungeon Crawl Stone Soup version 0.19-a0-994-g3c636f0 (webtiles) character file.

504 Leszczynek the Fighter (level 7, 61/81 HPs)
             Began as an Ogre Conjurer on July 17, 2016.
             Quit the game on level 5 of the Dungeon.
             The game lasted 00:22:01 (3331 turns).

Leszczynek the Fighter (Ogre Conjurer)              Turns: 3331, Time: 00:22:01

Health: 61/81      AC:  4    Str: 18    XL:     7   Next: 17%
Magic:  10/10      EV: 10    Int: 14    God:
Gold:   222        SH:  0    Dex: 10    Spells: 2 memorised, 7 levels left

rFire  + . .     SeeInvis .     w - -1 short sword (curse)
rCold  . . .     Gourm    .     a - +1 robe
rNeg   . . .     Faith    .     (no shield)
rPois  .         Spirit   .     (helmet restricted)
rElec  .         Dismiss  .     (no cloak)
rCorr  .         Reflect  .     (gloves unavailable)
SustAt .         Harm     .     (boots unavailable)
MR     .....                    (no amulet)
Stlth  ++........               e - ring of stealth
                                y - ring of Hyneprez {rF+ Str+2}

@: not resistant to hostile enchantments, unstealthy
A: unfitting armour, tough skin 1
a: no special abilities


You were on level 5 of the Dungeon.
You were not hungry.

You visited 1 branch of the dungeon, and saw 5 of its levels.

You collected 222 gold pieces.

Inventory:

Hand Weapons
 k - a +0 dagger
 s - a cursed -2 club
 v - a +0 short sword
 w - a cursed -1 short sword (weapon)
 A - a +0 flail
Missiles
 l - 25 sling bullets
 m - 3 large rocks (quivered)
 o - 15 poisoned needles
Armour
 a - a +1 robe (worn)
Jewellery
 e - a ring of stealth (right hand)
 x - a +4 ring of dexterity
 y - the ring of Hyneprez (left hand) {rF+ Str+2}
   (You found it on level 4 of the Dungeon)

   [ring of protection from fire]

   It affects your strength (+2).
   It protects you from fire.
Wands
 B - a wand of iceblast (6/15)
Scrolls
 f - a scroll of recharging
 h - a scroll of enchant weapon
Potions
 d - 2 potions of resistance
 i - 2 potions of brilliance
 j - a potion of lignification
 n - a potion of invisibility
 p - a potion of magic {unknown}
 q - 3 potions of curing
 u - a potion of cancellation {unknown}
 z - a potion of berserk rage {unknown}
Books
 b - a book of Conjurations

   Spells                             Type                      Level
   a - Magic Dart                     Conjuration                  1
   b - Searing Ray                    Conjuration                  2
   c - Dazzling Spray                 Conjuration/Hexes            3
   d - Fulminant Prism                Conjuration/Hexes            4
   e - Iskenderun's Mystic Blast      Conjuration                  4
   f - Iskenderun's Battlesphere      Conjuration/Charms           5
Comestibles
 c - 5 bread rations
 g - a meat ration
 r - 3 chunks of flesh
 t - 2 royal jellies


   Skills:
 + Level 8.7 Fighting
 - Level 3.4 Maces & Flails
 - Level 1.7 Dodging
 - Level 1.5 Stealth
 - Level 2.4 Spellcasting
 - Level 2.9 Conjurations


You had 7 spell levels left.
You knew the following spells:

 Your Spells              Type           Power        Failure   Level  Hunger
a - Magic Dart            Conj           ##..         10%         1    #......
b - Searing Ray           Conj           ##....       12%         2    ###....


Dungeon Overview and Level Annotations

Branches:
Dungeon (5/15)
 Temple: D:4-7

Altars:
Ashenzari
Zin

Shops:
D:4 [

Annotations:
D:3 Sigmund
D:4 Drakanon's ghost, amateur OgWz
D:5 Dowan; Duvessa; Menkaure


Innate Abilities, Weirdness & Mutations

You are too large for most types of armour.
You have tough skin. (AC +1)


Message History

Unknown command.
There is a stone staircase leading down here.
You see here a flail.
There is an entrance to Atwiz's Antique Armour Boutique here.
There is a stone staircase leading down here.
You climb downwards.
Level annotation: Menkaure
There is a stone staircase leading up here.
Found 13 stones.
You open the door.
There is an open door here.
Duvessa and Dowan come into view.
Found a shattered altar of Ashenzari.
There is an open door here.
Menkaure mumbles some strange words.
Menkaure seems to speed up.
Unknown command.
Evoke which item? (* to show all) (? for menu, Esc to quit)
Okay, then.
Are you sure you want to abandon this character and quit the game? (Confirm with "yes".)

########### #.........
#.......# ## #.......#
#. #..(....+
#.##########.......####
#..........'....@.M...#
#.##########......$##.#
#.#<............###.#
## #.#############.#
#.... .e .....###.#.#
.e ........(. .' ..
.........# # ..
........<#.#
....#.(...#


You could see Menkaure.

Vanquished Creatures
  An ogre (D:5)
  2 centaurs
  A hound (D:4)
  Ijyb (D:3)
  3 worker ants
  7 adders
  2 worms
  A dart slug (D:3)
  3 giant geckos
  4 orcs
  8 bats
  4 giant cockroaches
  6 goblins
  8 hobgoblins
  6 jackals
  3 quokkas
  A ball python (D:2)
  3 giant newts
  8 kobolds
  3 rats
75 creatures vanquished.

Notes
Turn   | Place    | Note
-------+----------+-------------------------------------------
     0 | D:1      | Leszczynek the Ogre Conjurer began the quest for the Orb.
     0 | D:1      | Reached XP level 1. HP: 16/16 MP: 3/3
    26 | D:1      | Reached skill level 1 in Fighting
   146 | D:1      | Reached skill level 2 in Fighting
   146 | D:1      | Reached XP level 2. HP: 28/28 MP: 0/5
   169 | D:1      | Learned a level 2 spell: Searing Ray
   475 | D:2      | oh yes
   538 | D:2      | Reached skill level 1 in Maces & Flails
   723 | D:2      | Reached XP level 3. HP: 15/36 MP: 0/6
   827 | D:2      | Reached skill level 3 in Fighting
  1047 | D:2      | Reached skill level 2 in Maces & Flails
  1122 | D:3      | Noticed Ijyb
  1222 | D:2      | Reached XP level 4. HP: 43/48 MP: 2/7
  1500 | D:3      | Noticed a centaur
  1576 | D:3      | Reached skill level 4 in Fighting
  1635 | D:3      | Reached skill level 3 in Maces & Flails
  1757 | D:3      | wow
  1757 | D:3      | chain mail and HW
  1757 | D:3      | fair fair
  1816 | D:3      | Killed Ijyb
  1816 | D:3      | Reached XP level 5. HP: 25/55 MP: 1/8
  1894 | D:3      | Noticed Sigmund
  1923 | D:3      | Reached skill level 5 in Fighting
  2088 | D:4      | Got a twitching granite ring
  2090 | D:4      | Identified the ring of Hyneprez {rF+ Str+2} (You found it on level 4 of the Dungeon)
  2098 | D:4      | Found Atwiz's Antique Armour Boutique.
  2143 | D:4      | Noticed Drakanon's ghost (amateur OgWz)
  2692 | D:3      | Killed a centaur
  2692 | D:3      | Reached skill level 6 in Fighting
  2692 | D:3      | Reached XP level 6. HP: 30/68 MP: 0/9
  2760 | D:4      | Found a glowing silver altar of Zin.
  2760 | D:4      | Noticed an angel
  2830 | D:4      | Reached skill level 7 in Fighting
  2853 | D:4      | >speedrun
  2853 | D:4      | stuck with -1 cursed short sword which is less effective than my fucking untrained magic dart
  2853 | D:4      | what's even the fucking point of doing it any longer
  3065 | D:5      | Entered Level 5 of the Dungeon
  3065 | D:5      | Found a shattered altar of Ashenzari.
  3112 | D:5      | Noticed an ice beast
  3170 | D:5      | Reached skill level 8 in Fighting
  3171 | D:5      | Reached XP level 7. HP: 69/81 MP: 10/10
  3172 | D:5      | Noticed Menkaure
  3316 | D:5      | Found a shattered altar of Ashenzari.
  3316 | D:5      | Noticed Duvessa
  3316 | D:5      | Noticed Dowan
  3331 | D:5      | Quit the game

Vault maps used:
D:1:      roderic_chinese_lattice_arrival
D:3:      hangedman_decor_lopped, kennysheep_path_1, uniq_iyjb, uniq_sigmund
D:4:      minmay_goblin_kobold_castle, zin_angel, serial_shops, shop,
          first_bread
D:5:      ashenzari_altar_1, kennysheep_mini_moat, kennysheep_vampire_church,
          basic_altar, serial_shops, nicolae_shop_statue_plus,
          serial_bayou_crossing, uniq_duvessa, uniq_menkaure

Skill      XL: |  1  2  3  4  5  6 |
---------------+-------------------+-----
Fighting       | 2 3 4 6 8 |  8.7
Maces & Flails | 1 2 3 |  3.4
Dodging        | |  1.7
Stealth        | |  1.5
Spellcasting   | |  2.4
Conjurations   | |  2.9

Action                   |  1- 3 |  4- 6 |  7- 9 || total
-------------------------+-------+-------+-------++-------
Melee: Short sword       |    62 |   157 |     3 ||   222
       Dagger            |     8 |       |       ||     8
Throw: Large rock        |     1 |       |       ||     1
 Cast: Magic Dart        |    68 |    66 |       ||   134
       Searing Ray       |     2 |     9 |     2 ||    13
Evoke: Wand              |       |     2 |     1 ||     3
  Use: Scroll            |     7 |     6 |       ||    13
       Potion            |       |     2 |       ||     2
 Stab: Sleeping          |       |     5 |       ||     5
  Eat: Chunk             |     2 |     7 |     1 ||    10
       Beef jerky        |       |     1 |       ||     1
Armor: Robe              |    33 |    56 |     3 ||    92
       Skin              |       |    15 |       ||    15
Dodge: Dodged            |    59 |    94 |    11 ||   164
